 Dungeon Crawl Stone Soup version 0.29.0-11-gd7f09526c8 (webtiles) character file.

Game seed: 12979698375596556879

837 freelancePsychic the Shooter (level 7, 0/59 HPs)
             Began as a Demigod Arcane Marksman on Sept 5, 2022.
             Succumbed to a scorpion's poison
             ... on level 6 of the Dungeon.
             The game lasted 00:12:42 (8002 turns).

freelancePsychic the Shooter (DgAM)                 Turns: 8002, Time: 00:12:42

Health: 0/59       AC:  4    Str:  9 (11) XL:     7   Next: 39%
Magic:  11/11      EV: 12    Int: 17 (19) God:
Gold:   250        SH:  0    Dex: 15 (18) Spells: 7/8 levels left

rFire   . . .      SeeInvis .   b - +0 whip (drain)
rCold   . . .      Faith    .   (no shield)
rNeg    . . .      Spirit   .   c - +0 robe
rPois   .          Reflect  .   s - +1 helmet
rElec   .          Harm     .   (no cloak)
rCorr   .          Rampage  .   (no gloves)
Will    .....                   (no boots)
Stlth   +.........              (no amulet)
HPRegen 0.19/turn               (no ring)
MPRegen 0.12/turn               (no ring)

@: mighty, brilliant, lethally poisoned (0 -> -11)
A: high MP 1, forlorn, divine attributes
a: no special abilities


You were on level 6 of the Dungeon.
You visited 1 branch of the dungeon, and saw 6 of its levels.
You also visited: Ossuary.

You collected 250 gold pieces.

Inventory:

Hand Weapons
 a - a +1 sling
 b - a +0 whip of draining (weapon)
Armour
 c - a +0 robe (worn)
 s - a +1 helmet (worn)
Wands
 p - a wand of polymorph (18)
Scrolls
 d - 2 scrolls of poison
 f - a scroll of butterflies
 g - 4 scrolls of teleportation {@r4}
 i - a scroll of enchant weapon
Potions
 l - a potion of heal wounds {unknown}
 m - a potion of invisibility


   Skills:
 + Level 4.1 Fighting
 - Level 2.2 Maces & Flails
 * Level 5.3 Ranged Weapons
 - Level 1.7 Dodging
 - Level 1.0 Spellcasting
 - Level 2.2 Conjurations
 - Level 2.6 Hexes
 - Level 2.0 Fire Magic


You had 7 spell levels left.
You knew the following spells:

 Your Spells              Type           Power      Damage    Failure   Level
a - Slow                  Hex            56%        N/A       7%          1

Your spell library contained the following spells:

 Spells                   Type           Power      Damage    Failure   Level
 Inner Flame              Hex/Fire       13%        N/A       24%         3
 Conjure Flame            Conj/Fire      12%        6-21      26%         3
 Portal Projectile        Hex/Tloc       16%        N/A       36%         3
 Ignite Poison            Fire/Tmut/Pois 4%         N/A       43%         3
 Cause Fear               Hex            7%         N/A       56%         4
 Sticky Flame             Conj/Fire      12%        2d4       65%         4


Dungeon Overview and Level Annotations

Branches:
Dungeon (6/15)            Ossuary (visited)
 Temple: D:4-7

Shops:
D:4 (

Annotations:
D:4 2 transporters, 3 runed translucent doors, BiteMe's ghost, amateur DsFE; Shayle's ghost, amateur TeBr; Thoth777's ghost, amateur TrBe; Voxie's ghost, amateur OpVM; soylentgreeen202's ghost, weakling NaDe
D:5 exclusion: phantom


Innate Abilities, Weirdness & Mutations

You have an increased reservoir of magic. (+10% MP)
You shall have no god before yourself.
Your divine heritage dramatically boosts your attributes as you level up.


Message History

You shoot a sling bullet.
The sling bullet closely misses the scorpion.
You feel very sick.
The scorpion is no longer moving slowly.
The scorpion stings you.
You are more poisoned.
The scorpion poisons you!
Fire: a) +1 sling
Press: ? - help, Shift-Dir - straight line, f/p - scorpion
Aim: a scorpion (severely wounded, 64% to hit)
You sense an unholy aura.
b - a +0 whip of draining (weapon)
You feel sick.
You hit the scorpion.
The scorpion is severely wounded.
You feel very sick. The scorpion stings you.
You barely miss the scorpion.
The scorpion is severely wounded.
You feel very sick. The scorpion stings you.
* * * LOW HITPOINT WARNING * * *
The scorpion stings you.
* * * LOW HITPOINT WARNING * * *
You are lethally poisoned!
The scorpion poisons you!
It was a potion of might.
You feel very mighty all of a sudden.
* * * LOW HITPOINT WARNING * * *
You feel very sick.
The scorpion stings you but does no damage.
It was a potion of brilliance.
You feel clever all of a sudden.
* * * LOW HITPOINT WARNING * * *
You feel very sick. The scorpion misses you.
It was a potion of degeneration.
There was something very wrong with that liquid.
You feel weakened.
You feel dopey.
You feel clumsy.
You die...

.'....'....# ... ..
.###..#....#+####'### ...
## ####....#..##....##'##
#....#...#.........
#....#...'.........
#....'...#.........
#....#...#.........
#######....#####.........
................@s###+###
..................#
..................'......
..................#.†....
..................#......
..................# .....
....).............# ####.
..##)############..
..+..)......# #..


You could see a scorpion.

Vanquished Creatures
  2 scorpions
  A necrophage (D:6)
  A human zombie (D:4)
  2 hounds
  A gnoll bouda (D:6)
  Jessica (D:2)
  3 orc wizards
  Ijyb (D:3)
  6 iguanas
  2 howler monkey zombies (Ossuary)
  A mummy (Ossuary)
  Robin (D:3)
  4 gnolls
  3 adders
  An ufetubus (D:5)
  2 worms
  5 dart slugs
  14 orcs
  3 bats
  5 endoplasms
  5 giant cockroaches
  18 goblins
  9 hobgoblins
  4 jackals (D:5)
  8 kobolds
  4 quokkas
  8 ball pythons
  2 frilled lizards
  A gnoll zombie (D:4)
  5 rats
123 creatures vanquished.

Vanquished Creatures (others)
  9 withered plants (Ossuary)
9 creatures vanquished.

Grand Total: 132 creatures vanquished

Notes
Turn   | Place    | Note
-------+----------+-------------------------------------------
     0 | D:1      | freelancePsychic the Demigod Arcane Marksman began the
                  | quest for the Orb.
     0 | D:1      | Reached XP level 1. HP: 15/15 MP: 4/4
    25 | D:1      | Reached skill level 1 in Fighting
    25 | D:1      | Reached skill level 2 in Ranged Weapons
   452 | D:1      | Reached skill level 1 in Maces & Flails
   452 | D:1      | Reached XP level 2. HP: 23/23 MP: 5/5
  1598 | D:2      | Noticed Jessica
  1609 | D:2      | Reached XP level 3. HP: 23/28 MP: 0/6
  1614 | D:2      | Killed Jessica
  1710 | D:2      | Reached skill level 1 in Fire Magic
  1993 | D:2      | Reached skill level 1 in Conjurations
  2965 | D:3      | Reached XP level 4. HP: 36/36 MP: 8/8
  3055 | D:3      | Noticed Ijyb
  3077 | D:3      | Killed Ijyb
  3396 | D:3      | Noticed Robin
  3402 | D:3      | Killed Robin
  3779 | D:3      | HP: 1/36 [orc wizard/+2 dagger of electrocution (17)]
  3787 | D:3      | Reached XP level 5. HP: 10/41 MP: 9/9
  4221 | D:4      | Found Siof's Weapon Emporium.
  4283 | D:4      | Found a transporter.
  4283 | D:4      | Noticed an ice beast
  4318 | D:4      | Found a sand-covered staircase.
  4456 | Ossuary  | Entered an ossuary
  4873 | D:4      | Reached skill level 3 in Ranged Weapons
  4874 | D:4      | Reached XP level 6. HP: 42/50 MP: 10/10
  5229 | D:4      | Found a transporter.
  5522 | D:4      | Found a runed translucent gate.
  5522 | D:4      | Noticed soylentgreeen202's ghost (weakling NaDe)
  5523 | D:4      | Found a runed translucent gate.
  5523 | D:4      | Found a runed translucent gate.
  5524 | D:4      | Noticed Thoth777's ghost (amateur TrBe)
  5524 | D:4      | Noticed Voxie's ghost (amateur OpVM)
  5524 | D:4      | Noticed Shayle's ghost (amateur TeBr)
  5524 | D:4      | Noticed BiteMe's ghost (amateur DsFE)
  6134 | D:5      | Entered Level 5 of the Dungeon
  6180 | D:5      | Reached skill level 4 in Ranged Weapons
  7003 | D:5      | Reached XP level 7. HP: 56/58 MP: 9/11
  7492 | D:6      | Reached skill level 5 in Ranged Weapons
  8002 | D:6      | Succumbed to a scorpion's poison

Illustrated notes

Levels and vault maps discovered:
D:1:      lightli_arrival_maybe_door_vault, layout_basic,
          ebering_ecumenical_altar_webs, grunt_decor_one_mirror,
          grunt_decor_mini_mirrors, minmay_tetromino_o4
D:2:      layout_basic, grunt_decor_fettered, kennysheep_generic_room_13,
          uniq_jessica
D:3:      layout_basic, nicolae_hexahallways, uniq_ijyb, uniq_robin
D:4:      gammafunk_cloud_chamber, layout_loops_ring,
          mainiacjoe_overflow_chevrons, serial_shops,
          nicolae_shop_bloodbath_and_beyond, gammafunk_ghost_cemetery,
          enter_ossuary_3, minmay_box_of_dots
D:5:      layout_loops_corners, kennysheep_ying_yang, serial_glass,
          glass_columns_b, glass_columns_c
D:6:      layout_gridville, minmay_misc_feat_alley

Skill      XL: |  1  2  3  4  5  6  7 |
---------------+----------------------+-----
Fighting       | 1 2 3 4 |  4.1
Ranged Weapons | 2 3 4 5 |  5.3
Maces & Flails | 1 2 |  2.2
Fire Magic     | 1 2 |  2.0
Conjurations   | 1 2 |  2.2
Dodging        | |  1.7
Spellcasting   | |  1.0
Hexes          | |  2.6

Action                   |  1- 3 |  4- 6 |  7- 9 || total
-------------------------+-------+-------+-------++-------
Melee: Whip              |   125 |   315 |    46 ||   486
       Punch             |     2 |     6 |     1 ||     9
       Unarmed           |       |    23 |       ||    23
 Fire: Sling             |     5 |       |    64 ||    69
 Cast: Slow              |    10 |    16 |    17 ||    43
Evoke: Wand              |       |     4 |       ||     4
  Use: Scroll            |       |    12 |     1 ||    13
       Potion            |       |     8 |     3 ||    11
 Stab: Sleeping          |       |     4 |       ||     4
Armor: Robe              |    16 |    56 |     9 ||    81
       Skin              |       |    45 |       ||    45
Dodge: Dodged            |    62 |   192 |    38 ||   292
